AoeStats
← yagokp

Arena

506450843Analyzed
3v3 RM · 18d ago on Sep 13, 2026· 30m 48s· 6 players
Game mode
Random Map
Map size
Normal (6 player)
Population
200
Speed
Normal
Resources
Standard
Victory
Conquest
Starting age
Dark Age
Ending age
Imperial Age
RankedLock teamsTeams togetherTeam positionsShared explorationLock speedFull tech treeHidden civsTurbo modeCheats
Victory
Defeat
538
+18
🇨🇳 Cumans · China
529
+18
493
+20
🇧🇷 Khmer · Brazil
605
-33
🇧🇷 Chinese · Brazil
577
-19
🇨🇿 Poles · Czechia
562
-18
yagokp
3:26 Loom
4:16 Loom
13:16 Feudal Age
17:10 Castle Age
16:47 Horse Collar
16:58 Double-Bit Axe
19:33 Wheelbarrow
26:39 Squires
27:34 Padded Archer Armor
29:46 Town Watch
Igorlinguica
11:15 Feudal Age
15:10 Gold Mining
17:59 Castle Age
16:28 Double-Bit Axe
18:06 Stone Mining
20:20 Wheelbarrow
Rendys_XII
0:44 Loom
11:03 Feudal Age
11:23 Horse Collar
12:17 Double-Bit Axe
13:47 Gold Mining
19:52 Castle Age
20:55 Wheelbarrow
20:06 Town Watch
20:50 Heavy Plow
21:27 Bow Saw
23:33 Stone Mining
23:53 Scale Barding Armor
28:08 Caravan
28:39 Coinage
29:25 Stone Shaft Mining
29:48 Murder Holes
30:04 Fortified Wall
30:19 Ballistics
30:10 Town Patrol
29:38 Light Cavalry
30:29 Bloodlines
31:03 Chain Barding Armor
那天人多没轮到我
0:27 Loom
15:00 Feudal Age
15:26 Double-Bit Axe
15:23 Horse Collar
21:31 Castle Age
20:20 Gold Mining
20:23 Stone Mining
24:27 Heavy Plow
26:24 Bow Saw
26:01 Treadmill Crane
28:44 Gold Shaft Mining
28:39 Ballistics
31:00 Murder Holes
MyGO!!!!! Dr. Shiina Taki
12:14 Feudal Age
12:02 Loom
13:43 Double-Bit Axe
16:32 Castle Age
16:19 Horse Collar
17:27 Wheelbarrow
19:24 Hand Cart
19:05 Gold Mining
20:05 Scale Mail Armor
Gatherer
9:43 Feudal Age
10:11 Double-Bit Axe
10:46 Horse Collar
20:17 Castle Age
19:02 Wheelbarrow
20:36 Forging
20:31 Scale Barding Armor
20:49 Loom
21:09 Heavy Plow
21:20 Bow Saw
22:11 Bloodlines
24:42 Iron Casting
24:27 Chain Barding Armor
Connection lost

Rejoining the realm…

Still unreachable

The connection could not be restored.

Session expired

The server has moved on; the page needs a fresh start.